 Dungeon Crawl Stone Soup version 0.17.1-1-g73c8601 (webtiles) character file.

2903 Implojin the Grappler (level 9, 80/80 HPs)
             Began as a Troll Fighter on Apr 9, 2016.
             Quit the game on level 5 of the Dungeon.
             The game lasted 00:15:23 (3726 turns).

Implojin the Grappler (Troll Fighter)               Turns: 3726, Time: 00:15:24

Health: 80/80      AC:  7    Str: 26    XL:     9   Next: 49%
Magic:  10/10      EV:  8    Int:  4    God:
Gold:   243        SH:  9    Dex: 12    Spells: 0 memorised, 8 levels left

rFire  . . .     SeeInvis .       - Unarmed
rCold  + . .     Clarity  .     f - +2 robe {rC+}
rNeg   . . .     SustAt   .     b - +0 shield
rPois  .         Gourm    +     (helmet restricted)
rElec  .         Spirit   .     (no cloak)
rCorr  .         Warding  .     (gloves unavailable)
rMut   .         Stasis   .     (boots unavailable)
MR     .....                    x - amulet of regeneration
Stlth  +.........               (no ring)
                                (no ring)

@: not resistant to hostile enchantments, very unstealthy
A: unfitting armour, claws 3, fast metabolism 3, gourmand, regeneration 2,
shaggy fur 1, tough skin 2
a: no special abilities


You were on level 5 of the Dungeon.
You were not hungry.

You visited 1 branch of the dungeon, and saw 8 of its levels.

You collected 243 gold pieces.

Inventory:

Hand Weapons
 r - a +0 flail
Missiles
 c - 6 tomahawks (quivered)
Armour
 a - a +0 robe
 b - a +0 shield (worn)
 f - a +2 robe of cold resistance (worn)
Jewellery
 k - an uncursed ring of teleportation
 x - an amulet of regeneration (around neck)
Wands
 p - a wand of enslavement (6)
 u - a wand of cold (7)
 v - a wand of heal wounds (6)
Scrolls
 e - 2 scrolls of identify
 l - 4 scrolls of remove curse
Potions
 g - 3 potions of cancellation {unknown}
 h - 2 potions of brilliance
 i - a potion of heal wounds
 m - a potion of lignification {unknown}
 o - a potion of flight {unknown}
 s - 2 potions of degeneration
 w - a potion of invisibility {unknown}
Books
 j - a book of Enchantments

   Spells                             Type                      Level
   a - Cause Fear                     Hexes                        4
   b - Silence                        Hexes/Air                    5
   c - Deflect Missiles               Charms/Air                   6
   d - Haste                          Charms                       6
   e - Discord                        Hexes                        8
 n - a book of Transfigurations

   Spells                             Type                      Level
   a - Stoneskin                      Transmutation/Earth          2
   b - Irradiate                      Conjuration/Transmutation    5
   c - Statue Form                    Transmutation/Earth          6
   d - Hydra Form                     Transmutation                6
   e - Dragon Form                    Transmutation                7
Comestibles
 d - 8 bread rations
 q - 3 meat rations
 t - 6 slices of pizza


   Skills:
 - Level 2.4 Fighting
 - Level 2.4 Dodging
 - Level 2.4 Shields
 - Level 12.0 Unarmed Combat
 * Level 3.8 Evocations


You had 8 spell levels left.
You didn't know any spells.

Dungeon Overview and Level Annotations

Branches:
Dungeon (8/15)             Temple (0/1) D:5
   Lair: D:8-11

Altars:
Gozag
Ru
Xom
Yredelemnul
Zin


Innate Abilities, Weirdness & Mutations

You are too large for most types of armour.
You have claws for hands.
Your metabolism is lightning-fast.
You like to eat raw meat.
You heal very quickly.
You are covered in fur (AC +1).
You have very tough skin (AC +2).


Message History

The giant frog hits you.
An iguana comes into view.
Your shield prevents you from hitting the giant frog.
The giant frog barely misses you.
The iguana hisses angrily.
You mangle the giant frog!!
The giant frog is almost dead.
You block the giant frog's attack.
You barely miss the giant frog.
The giant frog is almost dead.
You block the giant frog's attack. The giant frog hits you.
You completely miss the giant frog.
The giant frog is almost dead.
The giant frog hits you.
You closely miss the giant frog.
The giant frog is almost dead.
The giant frog misses you.
You scratch the giant frog.
You kill the giant frog!
The iguana closely misses you.
You barely miss the iguana. The iguana barely misses you.
Your shield prevents you from hitting the iguana.
The iguana bites you.
You mangle the iguana!!
The iguana is almost dead.
The iguana bites you. The iguana barely misses you. The iguana bites you.
You barely miss the iguana.
The iguana is almost dead.
You barely miss the iguana.
The iguana is almost dead.
You block the iguana's attack.
You mangle the iguana!!
You kill the iguana!
HP restored.
You now have 243 gold pieces (gained 10).
You see here 22 arrows.
Found a staircase to the Ecumenical Temple.
Are you sure you want to abandon this character and quit the game? (Confirm with "yes".)

#. ... ..#
######.##
#...#...#.
#.>...⌠...
#####. #.@.#
#..... ##.##
#.#### #.# #.#
#.# ##.#
#.##########..#
#.............#
##########.#..#
#.#..####
#.#......


There were no monsters in sight!

Vanquished Creatures
  A hill giant (D:7)
  The ghost of Kaelvos the Carver, a novice DsFi of Okawaru (D:6)
  Sigmund (D:6)
  A human (D:7)
  2 ice beasts
  2 ogres
  A black bear (D:7)
  A big kobold (D:7)
  5 giant frogs
  6 crimson imps
  A jelly (D:5)
  4 orc priests
  4 hounds
  2 iguanas (D:5)
  A giant frog skeleton (D:6)
  A worker ant (D:4)
  5 orc wizards
  4 sheep (D:7)
  5 adders
  An ooze (D:4)
  5 worms
  2 adder skeletons (D:6)
  3 giant geckos
  24 orcs
  2 ball pythons
  8 giant cockroaches
  3 hobgoblins
  2 jackals (D:2)
  3 bats
  A giant gecko skeleton (D:6)
  A giant gecko zombie (D:5)
  2 giant newts
  A gnoll zombie (D:6)
  7 goblins
  2 kobolds (D:7)
  2 rats
117 creatures vanquished.

Notes
Turn   | Place    | Note
--------------------------------------------------------------
     0 | D:1      | Implojin the Troll Fighter began the quest for the Orb.
     0 | D:1      | Reached XP level 1. HP: 22/22 MP: 0/0
   112 | D:2      | Reached XP level 2. HP: 27/29 MP: 1/1
   162 | D:1      | Reached skill level 3 in Unarmed Combat
   274 | D:3      | Reached skill level 4 in Unarmed Combat
   274 | D:3      | Reached XP level 3. HP: 21/36 MP: 2/2
   282 | D:3      | Reached XP level 4. HP: 28/44 MP: 3/3
   332 | D:4      | Reached skill level 5 in Unarmed Combat
   332 | D:4      | Reached XP level 5. HP: 50/50 MP: 4/4
   349 | D:4      | HP: 2/50 [orc priest/club (7)]
   428 | D:4      | Reached skill level 6 in Unarmed Combat
   470 | D:4      | Reached XP level 6. HP: 51/59 MP: 5/5
   489 | D:5      | Entered Level 5 of the Dungeon
   508 | D:6      | Noticed Kaelvos's ghost (novice DsFi)
   683 | D:5      | Found a glowing silver altar of Zin.
   725 | D:6      | Reached skill level 7 in Unarmed Combat
   753 | D:6      | Found a basalt altar of Yredelemnul.
   820 | D:6      | You fall through a shaft!
   895 | D:7      | Reached XP level 7. HP: 66/66 MP: 6/6
   926 | D:6      | Found a shimmering altar of Xom.
  1193 | D:7      | Noticed a human
  1205 | D:7      | Killed a human
  1205 | D:7      | Reached skill level 8 in Unarmed Combat
  1328 | D:7      | Reached skill level 9 in Unarmed Combat
  1373 | D:7      | Reached XP level 8. HP: 74/74 MP: 7/7
  1459 | D:6      | Noticed Sigmund
  1465 | D:5      | Found an opulent altar of Gozag.
  1481 | D:6      | Killed Sigmund
  1481 | D:6      | Reached skill level 10 in Unarmed Combat
  1519 | D:6      | Killed Kaelvos's ghost
  1519 | D:6      | Reached skill level 11 in Unarmed Combat
  1774 | D:5      | Reached XP level 9. HP: 69/80 MP: 8/8
  2448 | D:6      | Reached skill level 12 in Unarmed Combat
  2810 | D:7      | Noticed a hill giant
  2820 | D:7      | Killed a hill giant
  2820 | D:7      | Reached skill level 3 in Evocations
  3113 | D:6      | Found a sacrificial altar of Ru.
  3720 | D:5      | Found a staircase to the Ecumenical Temple.
  3726 | D:5      | Quit the game

Action                   |  1- 3 |  4- 6 |  7- 9 || total
-------------------------+-------+-------+-------++-------
Melee: Unarmed           |    52 |    88 |   227 ||   367
 Abil: Evoke Teleportati |       |       |     3 ||     3
  Use: Potion            |     1 |     2 |       ||     3
       Scroll            |       |     3 |     6 ||     9
 Stab: Sleeping          |     1 |       |     1 ||     2
  Eat: Chunk             |     7 |     5 |     8 ||    20
       Meat ration       |       |       |     2 ||     2
       Pizza             |       |       |     1 ||     1
       Beef jerky        |       |       |     1 ||     1

Table legend:
 A = Turns spent in this place as a percentage of turns spent in the entire game.
 B = Non-inter-level travel turns spent in this place as a percentage of non-inter-level travel turns spent in the entire game.
 C = Inter-level travel turns spent in this place as a percentage of turns spent in this place.
 D = Turns resting spent in this place as a percentage of non-inter-level travel turns spent in this place.
 E = Turns spent auto-exploring this place as a percentage of non-inter-level travel turns spent in this place.
 F = Non-inter-level travel turns spent in this place divided by the number of levels of this place that you've seen.
                   A       B       C       D       E      F
               +-------+-------+-------+-------+-------+----------------------
         Total | 100.0 | 100.0 |   0.1 |   0.0 |   0.5 | 364.0
       Dungeon | 100.0 | 100.0 |   0.1 |   0.0 |   0.5 | 364.0
               +-------+-------+-------+-------+-------+----------------------

Table legend:
 A = Kills in this place as a percentage of kills in entire the game.
 B = Kills by you in this place as a percentage of kills by you in the entire game.
 C = Kills by friends in this place as a percentage of kills by friends in the entire game.
 D = Other kills in this place as a percentage of other kills in the entire game.
 E = Experience gained in this place as a percentage of experience gained in the entire game.
 F = Experience gained in this place divided by the number of levels of this place that you have seen.
                   A       B       C       D       E      F
               +-------+-------+-------+-------+-------+----------------------
         Total | 100.0 | 100.0 |  -nan |  -nan | 100.0 | 518.5
       Dungeon | 100.0 | 100.0 |  -nan |  -nan | 100.0 | 518.5
               +-------+-------+-------+-------+-------+----------------------
